 Dungeon Crawl Stone Soup version 0.22.0-6-g71bd7aa (webtiles) character file.

219516 asthiss the Slayer (level 18, -6/185 HPs)
             Began as a Minotaur Berserker on Aug 14, 2018.
             Was an Elder of Trog.
             Splashed by an acid blob's acid (10 damage)
             ... created by the Royal Jelly
             ... while paralysed
             ... on level 5 of the Pits of Slime.
             The game lasted 02:39:09 (28023 turns).

asthiss the Slayer (Minotaur Berserker)            Turns: 28023, Time: 02:39:09

Health: -6/185     AC:  6    Str: 32 (33) XL:     18   Next: 1%
Magic:  17/17      EV:  2    Int:  2      God:    Trog [****..]
Gold:   2338       SH:  0    Dex: 26      Spells: 17/17 levels left

rFire    x . .     SeeInvis +   Z - +13 great sword of Suodesa {drain, MR+}
rCold    + + .     Gourm    .   (shield currently unavailable)
rNeg     + + .     Faith    +   R - +0 ice dragon scales of Greed {-Cast rF- rC++ Str+7}
rPois    +         Spirit   .   J - +0 hat of Trial and Error {rElec rPois rN++ Dex+2}
rElec    +         Reflect  .   z - scarf {repulsion}
rCorr    .         Harm     .   D - +2 pair of gloves {Dex+3}
MR       ++++.     NoCast   +   r - +2 pair of boots
Stlth    ..........             e - amulet of faith
HPRegen  1.40/turn              H - ring of see invisible
MPRegen  0.15/turn              a - +3 ring of strength

@: paralysed, corroded, berserk cooldown, regenerating, slowed, repel missiles
A: retaliatory headbutt, horns 2, molten scales 1, agile 2, deterioration 1,
dopey 1
}: 2/15 runes: decaying, serpentine
a: Berserk, Trog's Hand, Brothers in Arms, Renounce Religion


You were on level 5 of the Pits of Slime.
You worshipped Trog.
Trog was greatly pleased with you.
You were not hungry.

You visited 5 branches of the dungeon, and saw 29 of its levels.
You also visited: Bailey and Ice Cave.

You collected 2338 gold pieces.

Inventory:

Hand Weapons
 k - a +3 great sword of holy wrath
 A - a +5 antimagic demon blade
 B - the +7 demon blade "Mokiysh" {slice, Fragile rPois MR++}
   (You found it in an ice cave)

   It inflicts extra damage upon your enemies.
   It protects you from poison.
   It affects your resistance to hostile enchantments.
   It will be destroyed if unequipped.
 E - a +4 scimitar of flaming
 Z - the +13 great sword of Suodesa (weapon) {drain, MR+}
   (Trog gifted it to you on level 6 of the Lair of Beasts)

   A truly terrible weapon, it drains the life of those it strikes.
   It affects your resistance to hostile enchantments.
Missiles
 N - 2 tomahawks (quivered)
 U - 2 javelins
Armour
 b - a scarf of cloud immunity
 r - a +2 pair of boots (worn)
 t - the +7 chain mail of Least Resistance {rC+}
   (You found it on level 6 of the Dungeon)

   It protects you from cold.
 z - a scarf of repulsion (worn)
 D - a +2 pair of gloves of dexterity (worn)
 J - the +0 hat of Trial and Error (worn) {rElec rPois rN++ Dex+2}
   (You found it on level 10 of the Dungeon)

   It affects your dexterity (+2).
   It insulates you from electricity.
   It protects you from poison.
   It greatly protects you from negative energy.
 R - the +0 ice dragon scales of Greed (worn) {-Cast rF- rC++ Str+7}
   (You found it in an ice cave)

   It affects your strength (+7).
   It makes you vulnerable to fire.
   It greatly protects you from cold.
   It prevents spellcasting.
 S - a +2 cloak of invisibility
 W - a +1 cloak of cold resistance
Jewellery
 a - a +3 ring of strength (right hand)
 e - an amulet of faith (around neck)
 j - a +3 ring of dexterity
 m - an uncursed ring of protection from magic
 o - the ring of Robustness {AC+8}
   (You found it on level 4 of the Dungeon)

   [ring of protection]

   It affects your AC (+8).
 H - a ring of see invisible (left hand)
 V - an uncursed ring of fire
Wands
 i - a wand of polymorph (16)
 q - a wand of paralysis (47)
 v - a wand of enslavement (21)
 y - a wand of digging (30)
 F - a wand of acid (8)
 G - a wand of flame (21)
 K - a wand of scattershot (2)
 L - a wand of clouds (6)
 P - a wand of disintegration (16)
Scrolls
 d - 2 scrolls of identify
 f - 12 scrolls of remove curse
 g - 5 scrolls of teleportation
 h - a scroll of silence
 x - 3 scrolls of fog
 C - 6 scrolls of magic mapping
 Q - a scroll of fear
Potions
 l - 4 potions of ambrosia
 n - a potion of brilliance
 p - 4 potions of curing
 u - 3 potions of berserk rage
 w - 3 potions of haste
 M - a potion of heal wounds
 O - a potion of flight
 T - 3 potions of magic
Comestibles
 c - 24 rations


   Skills:
 + Level 22.5 Fighting
 - Level 20.0 Long Blades
 - Level 0.2 Throwing
 + Level 18.2 Armour
 + Level 11.7 Dodging


You had 17 spell levels left.
You didn't know any spells.
Your spell library was empty.

Dungeon Overview and Level Annotations

Branches:
Dungeon (10/15)            Temple (0/1) D:4            Lair (6/6) D:9
  Swamp (4/4) Lair:4        Snake (4/4) Lair:3        Slime (5/5) Lair:6
    Orc: D:9-12

Altars:
Cheibriados
Elyvilon
Fedhas
Kikubaaqudgha
Okawaru
Sif Muna
Trog
Uskayaw
Vehumet
The Shining One
Jiyva

Shops:
Snake:2 (

Annotations:
Slime:5 Royal Jelly


Innate Abilities, Weirdness & Mutations

You reflexively headbutt those who attack you in melee.
You have a pair of horns on your head.
You are partially covered in molten scales. (AC +2)
You are very agile. (Dex +4)
Your body sometimes deteriorates upon taking damage.
You are dopey. (Int -2)


Message History

The splash of acid hits you!
* * * LOW HITPOINT WARNING * * *
The acid corrodes you!
You are splashed with acid!
The acid burns!
* * * LOW HITPOINT WARNING * * *
You feel a strong urge to attack something.
You feel your anger nearly subside.
You are no longer berserk.
You pass out from exhaustion.
You feel yourself slow down.
The acid blob jiggles.
The azure jelly hits you.
* * * LOW HITPOINT WARNING * * *
The azure jelly freezes you! You resist.
* * * LOW HITPOINT WARNING * * *
The azure jelly barely misses you.
The azure jelly hits you but does no damage. x2
The death ooze jiggles.
The acid blob hits you!
* * * LOW HITPOINT WARNING * * *
The acid corrodes you!
You are splashed with acid!
The acid burns!
You die...

#............
#.............
#......(......
##.J.J.........
##...J.......... #
##...JJ.J........ #.
##....J.JJJ.......
#.#####......JJJ........
...........JJ.JJ@.......
...............J....<...
........................
......................##
.....................##
...................###
...................#
...................#
...............


You could see the Royal Jelly, 7 acid blobs, 6 azure jellies and 4 death oozes.

Vanquished Creatures
  the Lernaean hydra (Swamp:4)
  Nikola (Snake:4)
  An acid blob (Slime:5)
  A thorn hunter (Swamp:3)
  12 nagarajas
  3 azure jellies
  Louise (Swamp:1)
  A blizzard demon (IceCv)
  A death ooze (Slime:2)
  3 great orbs of eyes
  The ghost of Renif the Bludgeoner, a journeyman MiFi of Okawaru (Lair:3)
  Josephine (Lair:4)
  3 ghost crabs
  8 naga warriors
  9 anacondas
  A catoblepas (Lair:5)
  11 alligators
  2 two-headed ogres (D:9)
  Erica (D:8)
  23 hydras
  11 naga sharpshooters
  5 shock serpents
  Urug (Lair:1)
  3 spriggan druids
  7 sea snakes (Snake:4)
  A salamander mystic (Snake:2)
  A glowing orange brain (Slime:5)
  An unseen horror (D:10)
  A naga ritualist (Snake:3)
  4 shambling mangroves
  8 swamp dragons
  A necromancer (Lair:2)
  10 mana vipers
  9 salamanders
  5 ugly things
  2 shining eyes
  5 guardian serpents (Snake:4)
  29 black mambas
  10 elephants
  3 ice statues
  7 naga magi
  23 spiny frogs
  3 rime drakes
  9 komodo dragons
  A troll (D:9)
  2 meliai (Lair:4)
  13 ice devils (IceCv)
  8 tyrant leeches
  8 hornets
  2 bog bodies
  49 slime creatures
  10 hippogriffs
  21 blink frogs
  2 dream sheep (Lair:6)
  5 wraiths (Lair:4)
  The ghost of Thaneod the Magician, an amateur DEWz (D:4)
  6 spriggans
  3 wyverns (Lair:5)
  13 yaks
  Sigmund (D:3)
  A hog (Snake:3)
  A golden eye (Slime:3)
  2 hungry ghosts
  A death yak simulacrum (Lair:3)
  9 vampire mosquitoes
  4 basilisks
  15 swamp worms
  15 insubstantial wisps
  25 nagas
  32 water moccasins
  3 orc warriors
  9 porcupines
  11 swamp drakes
  3 sky beasts
  6 ice beasts
  3 black bears
  A black mamba simulacrum (Lair:3)
  3 eyes of draining
  A necrophage (D:9)
  4 phantoms
  7 wolves (Lair:6)
  4 ogres
  2 centaurs
  15 crocodiles
  5 big kobolds
  18 bullfrogs
  5 gnoll sergeants (Bailey)
  A spiny frog simulacrum (Lair:3)
  3 scorpions
  An elephant simulacrum (Lair:3)
  22 killer bees
  2 howler monkeys
  3 crimson imps
  A bullfrog zombie (D:8)
  2 centaur zombies
  A quasit (D:9)
  3 orc priests
  6 hounds
  A water moccasin simulacrum (Lair:3)
  4 gnoll shamans (Bailey)
  A jelly (D:8)
  5 orc wizards
  Jessica (D:2)
  2 iguanas
  4 worker ants
  2 polar bear simulacra (Lair:2)
  6 yak simulacra (Lair:2)
  2 wolf simulacra (Lair:2)
  A worker ant zombie (D:8)
  17 gnolls
  10 river rats (D:7)
  17 adders
  A crocodile simulacrum (Lair:3)
  A shadow imp (D:6)
  6 white imps (IceCv)
  9 ufetubi (IceCv)
  An ooze (D:5)
  An adder zombie (D:5)
  6 worms
  2 adder skeletons (D:4)
  2 dart slugs (D:1)
  3 leopard geckos
  34 orcs
  7 bats
  A giant cockroach (D:3)
  9 goblins
  3 hobgoblins
  3 quokkas
  6 ball pythons
  A ball python skeleton (D:4)
  7 frilled lizards
  23 kobolds
  A leopard gecko zombie (D:6)
  A quokka zombie (D:5)
  17 rats
  A river rat simulacrum (Lair:2)
  A plant (Lair:3)
859 creatures vanquished.

Vanquished Creatures (collateral kills)
  Vashnia (Snake:3)
  An acid blob (Slime:3)
  Kirke (Snake:3)
  2 nagarajas (Snake:4)
  A very ugly thing (Swamp:4)
  A hydra (Swamp:2)
  2 naga warriors
  4 anacondas
  5 naga sharpshooters
  A swamp dragon (Swamp:4)
  3 sea snakes (Snake:4)
  A naga ritualist (Snake:1)
  2 mana vipers
  3 ugly things (Swamp:4)
  3 elephants (Lair:4)
  A black mamba (Snake:3)
  A guardian serpent (Snake:4)
  2 naga magi (Snake:4)
  2 komodo dragons (Lair:6)
  9 spiny frogs (Lair:6)
  2 rime drakes
  A meliai (Lair:4)
  A queen bee (Lair:4)
  6 tyrant leeches
  A hornet (Swamp:4)
  9 dream sheep
  6 slime creatures
  15 blink frogs
  A bog body (Swamp:1)
  5 hippogriffs
  7 wyverns (Lair:5)
  A spriggan (Swamp:4)
  4 yaks
  A golden eye (Slime:3)
  2 vampire mosquitoes
  6 nagas
  A water moccasin (Lair:4)
  2 insubstantial wisps (Swamp:1)
  2 hell hounds (Lair:5)
  3 wolves
  2 crocodiles (Lair:6)
  3 gnoll sergeants (Bailey)
  3 bullfrogs (Lair:6)
  4 killer bees (Lair:4)
  2 gnoll shamans (Bailey)
  A fungus (Lair:2)
  A plant (Lair:4)
138 creatures vanquished.

Vanquished Creatures (others)
  A tyrant leech (Swamp:1)
  A golden eye (Slime:5)
  3 humans (Snake:3)
  3 ufetubi (IceCv)
  A briar patch (Swamp:3)
  5 fungi
  44 plants
58 creatures vanquished.

Grand Total: 1055 creatures vanquished

Notes
Turn   | Place    | Note
-------+----------+-------------------------------------------
     0 | D:1      | asthiss the Minotaur Berserker began the quest for the Orb.
     0 | D:1      | Reached XP level 1. HP: 19/19 MP: 0/0
   180 | D:1      | Reached XP level 2. HP: 26/27 MP: 1/1
   382 | D:1      | Reached skill level 4 in Fighting
   903 | D:2      | Found an iron altar of Okawaru.
   910 | D:2      | Reached XP level 3. HP: 29/33 MP: 2/2
   917 | D:2      | Noticed Jessica
   935 | D:2      | Killed Jessica
   935 | D:2      | Reached ** piety under Trog
  1044 | D:2      | Found a faded altar of an unknown god.
  1291 | D:2      | Found a hide-covered altar of Uskayaw.
  1298 | D:2      | Found a deep blue altar of Sif Muna.
  1429 | D:2      | Reached XP level 4. HP: 41/41 MP: 3/3
  1635 | D:3      | Reached skill level 5 in Long Blades
  1823 | D:3      | Noticed Sigmund
  1838 | D:3      | Killed Sigmund
  1838 | D:3      | Reached skill level 5 in Fighting
  1838 | D:3      | Reached XP level 5. HP: 37/48 MP: 4/4
  1838 | D:3      | Reached XP level 6. HP: 43/56 MP: 5/5
  2013 | D:3      | Found a blossoming altar of Fedhas.
  2013 | D:3      | Found a glowing golden altar of the Shining One.
  2307 | D:4      | Reached *** piety under Trog
  2690 | D:4      | Found the ring of Robustness {AC+8}
  2959 | D:4      | Found a staircase to the Ecumenical Temple.
  2999 | D:4      | Noticed a moth of wrath
  3002 | D:4      | Found a bloodstained altar of Trog.
  3054 | D:4      | Found a runed gate.
  3055 | D:4      | Noticed Thaneod's ghost (amateur DEWz)
  3056 | D:4      | Found a runed gate.
  3056 | D:4      | Found a runed gate.
  3538 | D:4      | Reached XP level 7. HP: 57/61 MP: 6/6
  3561 | D:4      | Killed Thaneod's ghost
  3561 | D:4      | Received a gift from Trog
  3561 | D:4      | Reached skill level 5 in Armour
  3719 | D:5      | Entered Level 5 of the Dungeon
  3797 | D:5      | Found a snail-covered altar of Cheibriados.
  3895 | D:5      | Reached XP level 8. HP: 70/70 MP: 7/7
  3939 | D:5      | Reached skill level 6 in Fighting
  4310 | D:5      | Found a white marble altar of Elyvilon.
  4445 | D:6      | Got a pitted chain mail
  4456 | D:6      | Identified the +7 chain mail of Least Resistance {rC+} (You found it on level 6 of the Dungeon)
  4644 | D:6      | Reached skill level 5 in Dodging
  4661 | D:6      | Reached **** piety under Trog
  5462 | D:7      | Reached skill level 10 in Long Blades
  5571 | D:7      | Reached skill level 7 in Fighting
  5571 | D:7      | Reached XP level 9. HP: 79/79 MP: 8/8
  5610 | D:7      | Reached ***** piety under Trog
  5700 | D:7      | Found a flagged portal.
  5713 | Bailey   | Entered a bailey
  5721 | Bailey   | Received a gift from Trog
  6766 | D:8      | Reached skill level 8 in Fighting
  7005 | D:8      | Reached XP level 10. HP: 88/88 MP: 3/9
  7330 | D:8      | Noticed Erica
  7351 | D:8      | Killed Erica
  7474 | D:9      | Noticed a two-headed ogre
  7478 | D:9      | Killed a two-headed ogre
  7478 | D:9      | Reached skill level 9 in Fighting
  7787 | D:9      | Noticed a two-headed ogre
  7793 | D:9      | Killed a two-headed ogre
  7920 | D:9      | Reached XP level 11. HP: 96/97 MP: 3/10
  7921 | D:9      | Found a staircase to the Lair.
  7980 | D:9      | Found a radiant altar of Vehumet.
  8238 | D:10     | Entered Level 10 of the Dungeon
  8366 | D:10     | Received a gift from Trog
  8382 | D:10     | Got an encrusted hat
  8394 | D:10     | Identified the +0 hat of Trial and Error {rElec rPois rN++ Dex+2} (You found it on level 10 of the Dungeon)
  8625 | D:10     | Noticed a red ugly thing
  8628 | D:10     | Killed a red ugly thing
  8758 | D:10     | Noticed an unseen horror
  8761 | D:10     | Killed an unseen horror
  8766 | D:10     | Reached skill level 10 in Fighting
  8989 | D:10     | Reached skill level 10 in Armour
  9263 | Lair:1   | Entered Level 1 of the Lair of Beasts
  9559 | Lair:1   | Reached skill level 15 in Long Blades
  9646 | Lair:1   | Noticed Urug
  9664 | Lair:1   | Killed Urug
 10040 | Lair:1   | You fall through a shaft!
 10387 | Lair:2   | Noticed a seven-headed hydra
 10394 | Lair:2   | Killed a four-headed hydra
 10394 | Lair:2   | Reached skill level 11 in Fighting
 10613 | Lair:2   | Noticed a necromancer
 10629 | Lair:2   | Killed a necromancer
 10653 | Lair:2   | Reached XP level 12. HP: 103/110 MP: 3/11
 11127 | Lair:3   | Found a staircase to the Snake Pit.
 11164 | Lair:3   | Noticed Renif's ghost (journeyman MiFi)
 11213 | Lair:3   | Reached skill level 12 in Fighting
 11312 | Lair:3   | Reached ****** piety under Trog
 11321 | Lair:3   | Received a gift from Trog
 11325 | Lair:3   | Found a runed gate.
 11325 | Lair:3   | Found a runed gate.
 11326 | Lair:3   | Found a runed gate.
 12272 | Lair:3   | Killed Renif's ghost
 12294 | Lair:3   | Reached skill level 13 in Fighting
 12651 | Lair:4   | Reached XP level 13. HP: 46/122 MP: 4/12
 13139 | Lair:4   | Noticed Josephine
 13160 | Lair:4   | Killed Josephine
 13160 | Lair:4   | Reached skill level 14 in Fighting
 13200 | Lair:4   | Found a staircase to the Swamp.
 13812 | Lair:5   | Received a gift from Trog
 13862 | Lair:5   | Found the +8 whip "Snakebite" {curare, rPois}
 14567 | Lair:6   | Entered Level 6 of the Lair of Beasts
 15066 | Lair:5   | Reached skill level 15 in Fighting
 15156 | Lair:6   | Received a gift from Trog
 15269 | Lair:6   | Reached XP level 14. HP: 104/135 MP: 4/13
 15339 | Lair:6   | Received a gift from Trog
 15490 | Lair:6   | Received a gift from Trog
 15530 | Lair:6   | Got a shimmering great sword {god gift}
 15685 | Lair:6   | Identified the +13 great sword of Suodesa {drain, MR+} (Trog gifted it to you on level 6 of the Lair of Beasts)
 15703 | Lair:6   | Reached skill level 16 in Fighting
 15751 | Lair:6   | Found a staircase to the Slime Pits.
 15773 | Lair:6   | Found a viscous altar of Jiyva.
 16021 | Slime:1  | Entered Level 1 of the Pits of Slime
 16527 | Snake:1  | Entered Level 1 of the Snake Pit
 17884 | Snake:2  | Noticed a nagaraja
 17897 | Snake:2  | Killed a nagaraja
 17902 | Snake:2  | Found Adoidun's Antique Weapon Shoppe.
 18198 | Snake:2  | Received a gift from Trog
 18198 | Snake:2  | Reached skill level 17 in Fighting
 18419 | Snake:3  | Reached XP level 15. HP: 138/147 MP: 14/14
 18483 | Snake:3  | Noticed a nagaraja
 18490 | Snake:3  | Killed a nagaraja
 18543 | Snake:3  | Noticed Vashnia
 18576 | Snake:3  | Killed Vashnia
 19026 | Snake:3  | Noticed Kirke
 19045 | Snake:3  | Killed Kirke
 19408 | Snake:3  | Reached skill level 15 in Armour
 19468 | Snake:3  | Received a gift from Trog
 19771 | Snake:4  | Entered Level 4 of the Snake Pit
 19822 | Snake:4  | Reached skill level 18 in Fighting
 19846 | Snake:4  | Noticed a nagaraja
 19859 | Snake:4  | Killed a nagaraja
 19917 | Snake:4  | Noticed a nagaraja
 19929 | Snake:4  | Killed a nagaraja
 19976 | Snake:4  | Noticed a nagaraja
 19980 | Snake:4  | Killed a nagaraja
 20034 | Snake:4  | Noticed Nikola
 20042 | Snake:4  | Killed Nikola
 20054 | Snake:4  | Noticed a nagaraja
 20060 | Snake:4  | Noticed a nagaraja
 20064 | Snake:4  | Killed a nagaraja
 20455 | Snake:4  | Noticed a nagaraja
 20456 | Snake:4  | Noticed a nagaraja
 20473 | Snake:4  | Reached XP level 16. HP: 148/159 MP: 15/15
 20481 | Snake:4  | Received a gift from Trog
 20481 | Snake:4  | Reached skill level 19 in Fighting
 21464 | Snake:4  | Got a serpentine rune of Zot
 21719 | Swamp:1  | Entered Level 1 of the Swamp
 21724 | Swamp:1  | Received a gift from Trog
 22020 | Swamp:1  | Reached skill level 20 in Fighting
 22213 | Swamp:1  | Noticed Louise
 22227 | Swamp:1  | Killed Louise
 22431 | Swamp:1  | Gained mutation: You are agile. (Dex +2) [potion of mutation]
 22431 | Swamp:1  | Gained mutation: You are very agile. (Dex +4) [potion of mutation]
 22597 | Swamp:1  | Received a gift from Trog
 23904 | Swamp:3  | Noticed a thorn hunter
 23924 | Swamp:3  | Killed a thorn hunter
 23924 | Swamp:3  | Reached XP level 17. HP: 109/172 MP: 16/16
 24025 | Swamp:3  | Reached skill level 21 in Fighting
 24106 | Swamp:3  | Received a gift from Trog
 24219 | Swamp:3  | Found an ancient bone altar of Kikubaaqudgha.
 24336 | Swamp:3  | Found a frozen archway.
 24389 | IceCv    | Entered an ice cave
 24720 | IceCv    | Identified the +0 ice dragon scales of Greed {-Cast rF- rC++ Str+7} (You found it in an ice cave)
 24744 | IceCv    | Identified the +7 demon blade "Mokiysh" {slice, Fragile rPois MR++} (You found it in an ice cave)
 24930 | Swamp:4  | Entered Level 4 of the Swamp
 24974 | Swamp:4  | Received a gift from Trog
 25001 | Swamp:4  | Reached skill level 10 in Dodging
 25168 | Swamp:4  | Noticed the 27-headed Lernaean hydra
 25412 | Swamp:4  | Killed the 23-headed Lernaean hydra
 25715 | Swamp:4  | Got a decaying rune of Zot
 25921 | Slime:1  | Reached skill level 22 in Fighting
 26929 | Slime:3  | Noticed an acid blob
 26929 | Slime:3  | Received a gift from Trog
 26933 | Slime:3  | Killed an acid blob
 27271 | Slime:4  | Gained mutation: You are dopey. (Int -2) [a shining eye]
 27272 | Slime:4  | Gained mutation: Your body sometimes deteriorates upon taking damage. [a shining eye]
 27604 | Slime:5  | Entered Level 5 of the Pits of Slime
 27620 | Slime:5  | Noticed an acid blob
 27622 | Slime:5  | Noticed an acid blob
 27981 | Slime:5  | Noticed an acid blob
 27985 | Slime:5  | Killed an acid blob
 27999 | Slime:5  | Gained mutation: You are partially covered in molten scales. (AC +2) [a shining eye]
 28006 | Slime:5  | Noticed the Royal Jelly
 28011 | Slime:5  | Reached XP level 18. HP: 95/185 MP: 17/17
 28023 | Slime:5  | HP: 4/185 [acid blob[the Royal Jelly] (15)]
 28023 | Slime:5  | Splashed by an acid blob's acid

Skill      XL: |  1  2  3  4  5  6  7  8  9 10 11 12 13 14 15 16 17 |
---------------+----------------------------------------------------+-----
Long Blades    | 4 6 7 8 10 12 14 16 17 18 19 20 | 20.0
Fighting       | 4 5 7 8 9 11 13 15 17 18 20 22 | 22.5
Dodging        | 3 4 5 6 7 8 9 11 | 11.7
Armour         | 3 4 5 6 7 9 10 12 13 14 15 17 18 | 18.2
Throwing       | |  0.2

Action                   |  1- 3 |  4- 6 |  7- 9 | 10-12 | 13-15 | 16-18 || total
-------------------------+-------+-------+-------+-------+-------+-------++-------
Melee: Falchion          |    56 |   140 |   195 |       |       |       ||   391
       Headbutt          |     7 |    25 |    60 |   155 |   185 |   286 ||   718
       Great sword       |       |       |    86 |   152 |   309 |   416 ||   963
       Demon blade       |       |       |       |   330 |   328 |       ||   658
       Scimitar          |       |       |       |     7 |    10 |   325 ||   342
Throw: Javelin           |       |       |    76 |    76 |    56 |    12 ||   220
       Tomahawk          |       |       |       |    20 |    68 |    41 ||   129
Invok: Berserk           |     1 |     2 |       |       |     1 |     1 ||     5
       Trog's Hand       |       |     2 |     2 |       |     2 |     8 ||    14
       Brothers in Arms  |       |       |     1 |     1 |    15 |    14 ||    31
Evoke: Wand              |       |       |     1 |       |       |       ||     1
  Use: Scroll            |    10 |     4 |     5 |    11 |    12 |    15 ||    57
       Potion            |     3 |       |     5 |     3 |     8 |     5 ||    24
 Stab: Distracted        |       |       |       |       |     3 |     4 ||     7
       Petrifying        |       |       |       |       |     1 |       ||     1
  Eat: Ration            |     1 |     2 |     6 |     6 |     9 |     9 ||    33
       Chunk             |     1 |       |     1 |       |       |     2 ||     4
Armor: Animal skin       |    10 |       |       |       |       |       ||    10
       Ring mail         |     2 |    54 |    28 |       |       |       ||    84
       Chain mail        |       |       |   167 |   275 |   429 |   242 ||  1113
       Ice dragon scales |       |       |       |       |       |   273 ||   273
Dodge: Dodged            |    31 |    84 |   181 |   246 |   416 |   669 ||  1627
       Deflected         |       |       |     1 |     9 |    50 |    27 ||    87
       Rpst.: Falchion   |    13 |    23 |    15 |       |       |       ||    51
       Great sword       |       |       |    15 |    19 |    42 |    71 ||   147
       Demon blade       |       |       |       |    43 |    53 |       ||    96
       Scimitar          |       |       |       |       |     3 |    57 ||    60
